 Dungeon Crawl Stone Soup version 0.21.1-1-g345015fe64 (webtiles) character file.

786 oleggggg the Chopper (level 7, -4/61 HPs)
             Began as a Minotaur Fighter on May 31, 2018.
             Slain by Duvessa
             ... wielding a +0 rapier
              (16 damage)
             ... on level 5 of the Dungeon.
             The game lasted 00:30:37 (2908 turns).

oleggggg the Chopper (Minotaur Fighter)             Turns: 2908, Time: 00:30:38

Health: -4/61      AC: 12    Str: 21    XL:     7   Next: 56%
Magic:  6/6        EV:  6    Int:  7    God:
Gold:   86         SH: 16    Dex:  9    Spells: 6/6 levels left

rFire    . . .     SeeInvis .   a - +0 war axe
rCold    + . .     Gourm    .   c - +0 shield
rNeg     . . .     Faith    .   x - +1 chain mail {rC+}
rPois    .         Spirit   .   (helmet restricted)
rElec    .         Reflect  .   m - +0 cloak
rCorr    .         Harm     .   (no gloves)
MR       .....                  (no boots)
Stlth    ..........             (no amulet)
HPRegen  0.60/turn              (no ring)
MPRegen  0.10/turn              (no ring)

@: no status effects
A: retaliatory headbutt, horns 2, large bone plates 2, clever 1, clumsy 1,
regeneration 1
a: no special abilities


You were on level 5 of the Dungeon.
You were full.

You visited 1 branch of the dungeon, and saw 5 of its levels.
You also visited: Sewer.

You collected 262 gold pieces.
You spent 176 gold pieces at shops.

Inventory:

Hand Weapons
 a - a +0 war axe (weapon)
 f - a +0 club
 i - a cursed -3 club
 k - a cursed +0 whip
 o - a +0 spear
 s - a +1 dagger of distortion
 u - a cursed -3 short sword
Missiles
 e - 97 stones (quivered)
 g - 50 arrows
 n - 25 bolts
Armour
 b - a +0 scale mail
 c - a +0 shield (worn)
 d - a +0 leather armour
 m - a +0 cloak (worn)
 x - a +1 chain mail of cold resistance (worn)
Jewellery
 r - a -3 ring of dexterity
Scrolls
 j - a scroll of enchant weapon {unknown}
 l - 2 scrolls of identify
 p - a scroll of random uselessness
 q - 2 scrolls of remove curse
 v - a scroll of amnesia
Potions
 t - a potion of invisibility
Comestibles
 h - 5 rations


   Skills:
 + Level 5.4 Fighting
 + Level 6.6 Axes
 + Level 5.7 Armour
 + Level 1.9 Dodging
 + Level 0.2 Stealth
 + Level 5.9 Shields


You had 6 spell levels left.
You didn't know any spells.

Dungeon Overview and Level Annotations

Branches:
Dungeon (5/15)
 Temple: D:4-7

Altars:
Nemelex Xobeh
Wu Jian

Shops:
D:5 !

Annotations:
D:5 Duvessa


Innate Abilities, Weirdness & Mutations

You reflexively headbutt those who attack you in melee.
You have a pair of horns on your head.
You are mostly covered in large bone plates. (SH +6)
Your mind is acute. (Int +2)
You are clumsy. (Dex -2)
Your natural rate of healing is unusually fast.


Message History

You hit Duvessa but do no damage.
Duvessa is lightly wounded.
You block Duvessa's attack. x2
You hit Duvessa but do no damage. Your headbutt misses Duvessa.
Duvessa is lightly wounded.
Duvessa hits you with a rapier!
* * * LOW HITPOINT WARNING * * *
You barely miss Duvessa.
Duvessa is lightly wounded.
Duvessa hits you with a rapier.
* * * LOW HITPOINT WARNING * * *
You block Duvessa's attack.
Your chain mail prevents you from hitting Duvessa.
Duvessa is lightly wounded.
Duvessa hits you but does no damage.
Unknown command.
You barely miss Duvessa.
Duvessa is lightly wounded.
Duvessa hits you with a rapier!
You die...

#.....##......#*,,*
########......#*,,*
******#......#**>*
*,,,,,#..#.#.# ***
*,***,####.#.#
***,***,,,,..#.# ***********
,,,,,,,,,,..##.# *,,,.,,,,,*
,,,,,,,,,...,#.#####....,,,,,*
,,,,,,,,....,#..@)..!...,,,,,*
,,,,,,,.....,#>.†e......,,,,,*
,,,,,,,,,,,,,#..........,*****
,,,,,,,,,,,,*#..........,*
*****,,,,,,,,...........,*
#######################**
#.................#
#.###############.# #.#
#.......# ##.#


You could see Duvessa (berserk).

Vanquished Creatures
  Purgy (Sewer)
  A sky beast (D:4)
  An ice beast (D:5)
  Dowan (D:5)
  An orc priest (D:4)
  A bullfrog skeleton (D:5)
  A hound (D:3)
  2 orc wizards
  A centaur skeleton (D:4)
  2 iguanas
  2 worker ants (D:4)
  A howler monkey zombie (D:5)
  Robin (D:2)
  7 adders
  An adder zombie (D:5)
  3 worms
  8 orcs
  4 giant cockroaches
  17 goblins
  3 hobgoblins
  6 jackals
  9 kobolds
  A quokka (D:4)
  2 ball pythons
  11 bats
  3 frilled lizards
  A jackal skeleton (D:5)
  6 rats
98 creatures vanquished.

Notes
Turn   | Place    | Note
-------+----------+-------------------------------------------
     0 | D:1      | oleggggg the Minotaur Fighter began the quest for the Orb.
     0 | D:1      | Reached XP level 1. HP: 19/19 MP: 0/0
   252 | D:1      | Reached XP level 2. HP: 19/27 MP: 1/1
   504 | D:2      | Noticed Robin
   514 | D:2      | Reached XP level 3. HP: 30/33 MP: 2/2
   515 | D:2      | Killed Robin
   612 | D:2      | Reached skill level 3 in Axes
   630 | D:2      | Found a sparkling altar of Nemelex Xobeh.
   743 | D:2      | Reached XP level 4. HP: 29/41 MP: 3/3
   931 | D:3      | Found a glowing drain.
   990 | D:3      | Reached skill level 4 in Axes
   990 | D:3      | Reached XP level 5. HP: 33/47 MP: 4/4
  1077 | D:3      | Reached skill level 1 in Dodging
  1259 | Sewer    | Entered a sewer
  1283 | Sewer    | Noticed Purgy
  1297 | Sewer    | Killed Purgy
  1297 | Sewer    | Reached skill level 5 in Fighting
  1297 | Sewer    | Reached XP level 6. HP: 21/56 MP: 5/5
  1692 | D:4      | Reached skill level 5 in Axes
  1692 | D:4      | Reached skill level 5 in Armour
  1745 | D:4      | Reached skill level 5 in Shields
  2078 | D:4      | Found an ornate altar of the Wu Jian Council.
  2159 | D:4      | Noticed a sky beast
  2175 | D:4      | Killed a sky beast
  2175 | D:4      | Reached XP level 7. HP: 53/61 MP: 6/6
  2413 | D:5      | Entered Level 5 of the Dungeon
  2514 | D:5      | Reached skill level 6 in Axes
  2527 | D:5      | Gained mutation: You tend to lose your temper in combat. [potion of mutation]
  2527 | D:5      | Gained mutation: You are clumsy. (Dex -2) [potion of mutation]
  2527 | D:5      | Gained mutation: Your muscles are strong. (Str +2) [potion of mutation]
  2527 | D:5      | Gained mutation: You are partially covered in yellow scales. (AC +2) [potion of mutation]
  2744 | D:5      | Found Heqynehy's Distillery.
  2750 | D:5      | Bought a potion of mutation for 88 gold pieces
  2750 | D:5      | Bought a potion of mutation for 88 gold pieces
  2773 | D:5      | Lost mutation: You are clumsy. (Dex -2) [potion of mutation]
  2773 | D:5      | Lost mutation: Your muscles are strong. (Str +2) [potion of mutation]
  2773 | D:5      | Lost mutation: You tend to lose your temper in combat. [potion of mutation]
  2773 | D:5      | Gained mutation: Your natural rate of healing is unusually fast. [potion of mutation]
  2773 | D:5      | Gained mutation: You have sharp toenails. [potion of mutation]
  2774 | D:5      | Lost mutation: You have sharp toenails. [potion of mutation]
  2774 | D:5      | Lost mutation: You are partially covered in yellow scales. (AC +2) [potion of mutation]
  2774 | D:5      | Gained mutation: Your mind is acute. (Int +2) [potion of mutation]
  2774 | D:5      | Gained mutation: You are partially covered in large bone plates. (SH +4) [potion of mutation]
  2774 | D:5      | Gained mutation: You are clumsy. (Dex -2) [potion of mutation]
  2774 | D:5      | Gained mutation: You are mostly covered in large bone plates. (SH +6) [potion of mutation]
  2888 | D:5      | Noticed Duvessa
  2888 | D:5      | Noticed Dowan
  2896 | D:5      | Killed Dowan
  2908 | D:5      | Slain by Duvessa

Skill      XL: |  1  2  3  4  5  6  7 |
---------------+----------------------+-----
Shields        | 4 5 |  5.9
Armour         | 4 5 |  5.7
Fighting       | 4 5 |  5.4
Axes           | 3 4 5 6 |  6.6
Dodging        | 1 |  1.9
Stealth        | |  0.2

Action                   |  1- 3 |  4- 6 |  7- 9 || total
-------------------------+-------+-------+-------++-------
Melee: War axe           |    55 |   146 |    64 ||   265
       Headbutt          |     8 |    23 |     9 ||    40
  Use: Potion            |       |     8 |     3 ||    11
       Scroll            |       |     5 |     3 ||     8
  Eat: Ration            |     2 |     3 |       ||     5
Armor: Scale mail        |    25 |    89 |    17 ||   131
       Chain mail        |       |       |    10 ||    10
Dodge: Dodged            |    20 |    69 |    16 ||   105
Block: Shield            |    33 |   100 |    49 ||   182
